 Dungeon Crawl Stone Soup version 0.24-a0-443-g80245de385 (webtiles) character file.

Game seed: 6989216380929107144

19913 Peloso the Carver (level 12, -3/106 HPs)
             Began as a Minotaur Fighter on June 21, 2019.
             Was the Champion of Okawaru.
             Slain by a freezing wraith (21 damage)
             ... led by a death knight
             ... on level 12 of the Dungeon.
             The game lasted 00:33:59 (14694 turns).

Peloso the Carver (Minotaur Fighter)               Turns: 14694, Time: 00:34:00

Health: -3/106     AC: 13    Str: 25    XL:     12   Next: 40%
Magic:  13/13      EV: 12    Int:  5    God:    Okawaru [******]
Gold:   732        SH: 19    Dex: 11    Spells: 11/11 levels left

rFire    . . .     SeeInvis .   a - +1 scimitar (holy)
rCold    . . .     Gourm    .   c - +0 large shield
rNeg     . . .     Faith    .   A - +4 ring mail {MR+}
rPois    .         Spirit   .   (helmet restricted)
rElec    .         Reflect  .   D - +0 cloak
rCorr    .         Harm     .   K - +0 pair of gloves
MR       ++...                  (no boots)
Stlth    +.........             U - amulet of rage
HPRegen  0.27/turn              n - ring of protection from magic
MPRegen  0.13/turn              (no ring)

@: slowed, very slow
A: retaliatory headbutt, horns 2
a: Heroism, Finesse, Renounce Religion, Evoke Berserk Rage


You were on level 12 of the Dungeon.
You worshipped Okawaru.
Okawaru was exalted by your worship.
You were very hungry.

You visited 2 branches of the dungeon, and saw 13 of its levels.
You also visited: Ossuary.

You collected 732 gold pieces.

Inventory:

Hand Weapons
 a - a +1 scimitar of holy wrath (weapon)
Armour
 b - a +0 scale mail
 c - a +0 large shield (worn)
 A - a +4 ring mail of magic resistance (worn)
 D - a +0 cloak (worn)
 K - a +0 pair of gloves (worn)
Jewellery
 n - a ring of protection from magic (left hand)
 C - an uncursed ring of wizardry
 E - an uncursed ring of protection from fire
 F - an uncursed ring of stealth
 G - an uncursed ring of protection from magic
 H - an uncursed ring of protection from magic
 Q - an uncursed ring of poison resistance
 U - an amulet of rage (around neck)
Wands
 j - a wand of acid (9)
 v - a wand of paralysis (2)
 B - a wand of random effects (22)
 L - a wand of flame (14)
 N - a wand of iceblast (7)
 S - a wand of digging (5)
 W - a wand of polymorph (9)
 Z - a wand of disintegration (11)
Scrolls
 h - 9 scrolls of remove curse
 i - a scroll of magic mapping
 k - 2 scrolls of teleportation
 p - 3 scrolls of enchant armour
 q - a scroll of acquirement
 y - 2 scrolls of amnesia
 I - 3 scrolls of blinking {unknown}
 J - a scroll of fog
 O - a scroll of enchant weapon {unknown}
 R - a scroll of random uselessness {unknown}
Potions
 d - 3 potions of might
 e - 6 potions of curing
 l - a potion of haste
 m - 3 potions of berserk rage
 o - 3 potions of degeneration {unknown}
 r - a potion of mutation {unknown}
 s - 3 potions of resistance {unknown}
 t - 2 potions of lignification {unknown}
 u - 2 potions of flight {unknown}
 w - 3 potions of agility {unknown}
 x - 2 potions of invisibility {unknown}
 z - 2 potions of brilliance {unknown}
 P - a potion of ambrosia {unknown}
 T - a potion of cancellation {unknown}
 V - 2 potions of heal wounds
Miscellaneous
 M - 3 phantom mirrors
 X - a lightning rod (4/4)
Comestibles
 f - 22 rations


   Skills:
 + Level 10.0 Fighting
 + Level 13.2 Long Blades
 + Level 8.7 Armour
 + Level 8.1 Dodging
 + Level 3.1 Stealth
 + Level 13.2 Shields
 + Level 1.1 Invocations
 + Level 2.8 Evocations


You had 11 spell levels left.
You didn't know any spells.
Your spell library contained the following spells:

 Spells                   Type           Power        Failure   Level  Hunger
 Shock                    Conj/Air       #...         98%         1    ##.....
 Swiftness                Chrm/Air       #.......     99%         2    ###....
 Static Discharge         Conj/Air       #.......     100%        3    ####...
 Airstrike                Air            #.........   100%        4    #####..
 Lightning Bolt           Conj/Air       #.........   100%        5    ######.


Dungeon Overview and Level Annotations

Branches:
Dungeon (12/15)            Temple (1/1) D:4            Lair (0/6) D:9
    Orc (0/2) D:11

Altars:
Ashenzari
Cheibriados
Dithmenos
Elyvilon
Fedhas
Gozag
Hepliaklqana
Kikubaaqudgha
Makhleb
Nemelex Xobeh
Okawaru
Qazlal
Ru
Sif Muna
Uskayaw
Wu Jian
Xom
Yredelemnul
Zin
The Shining One
Beogh
Lugonu

Annotations:
D:7 2 transporters, kumiokru's ghost, novice MiFi


Innate Abilities, Weirdness & Mutations

You reflexively headbutt those who attack you in melee.
You have a pair of horns on your head.


Message History

An orc comes into view.
You barely miss the freezing wraith.
The freezing wraith is lightly damaged.
You block the freezing wraith's attack. x2
You hit the freezing wraith but do no damage.
The freezing wraith is lightly damaged.
The freezing wraith hits you. The freezing wraith freezes you!!
The freezing wraith hits you!
* * * LOW HITPOINT WARNING * * *
The freezing wraith drains your vigour!
You feel yourself slow down.
You closely miss the freezing wraith.
The freezing wraith is lightly damaged.
You block the freezing wraith's attack. x2
You hit the freezing wraith.
The freezing wraith convulses.
Your headbutt misses the freezing wraith.
The freezing wraith is lightly damaged.
The freezing wraith hits you!
* * * LOW HITPOINT WARNING * * *
The freezing wraith freezes you!!
You die...

###...........#
#####.......# #
##.####### ## #..# .##
##.## ..# ####...###
..###........#### ###
#.....######....####.....
##..### ####.@WWo.....
....# ####Wo..... .#..#
.o..... ##<.# .......
###..# ....... # #..#
....... ##.. ....... ...
....... ....


You could see 3 freezing wraiths, an orc warrior, an orc wizard and an orc.

Vanquished Creatures
  Harold (D:9)
  A death knight (D:12)
  6 two-headed ogres
  2 unseen horrors (D:11)
  Pikel (D:7)
  3 cyclopes
  Maurice (D:9)
  2 centaur zombies (D:12)
  The ghost of Krouwed the Slasher, a novice HuFi (D:4)
  A komodo dragon (D:10)
  2 trolls
  A hornet (D:9)
  2 hippogriffs
  Sigmund (D:4)
  A wraith (D:11)
  A spriggan (D:7)
  A wyvern (D:8)
  A shadow (D:11)
  8 yaks (D:11)
  2 vampire mosquitoes (D:11)
  2 hungry ghosts (D:9)
  Menkaure (D:3)
  Edmund (D:6)
  An acid dragon (D:11)
  Duvessa (D:6)
  2 water moccasins
  3 orc warriors
  6 ice beasts
  5 sky beasts
  3 ogres
  A slave (D:7)
  A phantom (D:9)
  A black bear (D:6)
  8 centaurs
  2 crocodiles
  A big kobold (D:12)
  Blork the orc (D:4)
  2 gnoll sergeants
  Dowan (D:6)
  7 bullfrogs
  5 water moccasin zombies (Ossuary)
  4 scorpions
  21 killer bees
  2 wights (D:3)
  3 crimson imps
  A bullfrog zombie (D:7)
  5 jellies
  A quasit (D:9)
  5 hounds
  Crazy Yiuf (D:5)
  7 orc priests
  3 iguanas
  9 orc wizards
  Ijyb (D:5)
  6 worker ants
  4 big kobold zombies (Ossuary)
  2 hound zombies
  A hound skeleton (D:9)
  2 mummies (Ossuary)
  3 worker ant zombies
  2 howler monkey skeletons
  12 gnolls
  17 adders
  3 shadow imps (D:4)
  9 adder zombies (Ossuary)
  2 adder skeletons
  2 worms
  3 dart slugs (D:2)
  A leopard gecko (D:4)
  43 orcs
  2 ball pythons
  7 giant cockroaches
  2 gnoll zombies (Ossuary)
  4 goblins
  6 hobgoblins
  11 jackals
  22 kobolds
  6 quokkas
  5 bats
  4 frilled lizards
  A giant cockroach zombie (D:3)
  2 hobgoblin zombies (Ossuary)
  A jackal skeleton (D:6)
  4 kobold zombies (Ossuary)
  A leopard gecko skeleton (D:4)
  5 orc zombies (Ossuary)
  A quokka skeleton (D:5)
  9 rats
362 creatures vanquished.

Vanquished Creatures (others)
  A fungus (D:9)
1 creature vanquished.

Grand Total: 363 creatures vanquished

Notes
Turn   | Place    | Note
-------+----------+-------------------------------------------
     0 | D:1      | Peloso the Minotaur Fighter began the quest for the Orb.
     0 | D:1      | Reached XP level 1. HP: 19/19 MP: 0/0
     2 | D:1      | Noticed a vine stalker
     2 | D:1      | Noticed a dwarf
     4 | D:1      | Noticed a demigod
     4 | D:1      | Noticed a halfling
     6 | D:1      | Noticed an elf
     6 | D:1      | Noticed a felid
     8 | D:1      | Noticed a human
     8 | D:1      | Noticed a naga
    10 | D:1      | Noticed a spriggan
    10 | D:1      | Noticed an octopode
    12 | D:1      | Noticed an ogre
    16 | D:1      | Noticed a minotaur
    16 | D:1      | Noticed a tengu
    18 | D:1      | Noticed a merfolk
    18 | D:1      | Noticed a draconian
    20 | D:1      | Noticed a vampire
    20 | D:1      | Noticed a ghoul
    22 | D:1      | Noticed a troll
    22 | D:1      | Noticed a demonspawn
    24 | D:1      | Noticed a centaur
    24 | D:1      | Noticed a gargoyle
    26 | D:1      | Noticed a formicid
   205 | D:1      | Reached XP level 2. HP: 26/27 MP: 1/1
   561 | D:1      | Reached XP level 3. HP: 33/33 MP: 2/2
  1093 | D:2      | Found a shimmering altar of Xom.
  1129 | D:2      | Reached XP level 4. HP: 34/40 MP: 3/3
  1549 | D:3      | Reached XP level 5. HP: 27/46 MP: 4/4
  1580 | D:3      | Found an opulent altar of Gozag.
  1629 | D:3      | Found a transporter.
  1631 | D:3      | Found a transporter.
  1650 | D:3      | Found an ancient bone altar of Kikubaaqudgha.
  1654 | D:3      | Noticed Menkaure
  1660 | D:3      | Found a basalt altar of Yredelemnul.
  1726 | D:3      | Found a shattered altar of Ashenzari.
  2079 | D:4      | Found a staircase to the Ecumenical Temple.
  2102 | D:4      | Found a transporter.
  2121 | D:4      | Found a transporter.
  2163 | D:4      | Found a blossoming altar of Fedhas.
  2181 | D:4      | Found a sand-covered staircase.
  2188 | D:4      | Noticed Sigmund
  2190 | Ossuary  | Entered an ossuary
  2263 | Ossuary  | Reached skill level 1 in Dodging
  2275 | Ossuary  | Reached skill level 5 in Long Blades
  2275 | Ossuary  | Reached skill level 5 in Armour
  2275 | Ossuary  | Reached XP level 6. HP: 28/53 MP: 5/5
  2451 | Ossuary  | Reached skill level 5 in Shields
  2519 | Ossuary  | Reached skill level 5 in Fighting
  2519 | Ossuary  | Reached XP level 7. HP: 44/61 MP: 6/6
  2863 | D:4      | Killed Sigmund
  2952 | D:4      | Reached skill level 1 in Stealth
  3132 | D:4      | Reached XP level 8. HP: 52/70 MP: 7/7
  3133 | D:4      | Found a runed translucent door.
  3140 | D:4      | Noticed Krouwed's ghost (novice HuFi)
  3316 | D:4      | Noticed Blork the orc
  3322 | D:4      | Killed Blork the orc
  3537 | D:5      | Entered Level 5 of the Dungeon
  3615 | D:5      | Noticed Ijyb
  3633 | D:5      | Paralysed by Ijyb for 4 turns
  3642 | D:5      | Killed Ijyb
  3942 | D:5      | Found a runed translucent door.
  3943 | D:5      | Noticed Crazy Yiuf
  3954 | D:5      | Killed Crazy Yiuf
  4495 | D:5      | Found a white marble altar of Elyvilon.
  4759 | Temple   | Entered the Ecumenical Temple
  4774 | Temple   | Became a worshipper of Warmaster Okawaru
  4917 | D:6      | Noticed Edmund
  4935 | D:6      | Killed Edmund
  4959 | D:6      | Reached * piety under Okawaru
  5018 | D:6      | Reached XP level 9. HP: 75/75 MP: 8/8
  5096 | D:6      | Found a snail-covered altar of Cheibriados.
  5131 | D:6      | Found a sparkling altar of Nemelex Xobeh.
  5135 | D:6      | Noticed Dowan
  5138 | D:6      | Noticed Duvessa
  5151 | D:6      | Killed Duvessa
  5152 | D:6      | Killed Dowan
  5704 | D:7      | Found a transporter.
  5705 | D:7      | Noticed kumiokru's ghost (novice MiFi)
  5706 | D:7      | Noticed a two-headed ogre
  5710 | D:7      | Found a transporter.
  5783 | D:7      | You fall into a shaft and drop 2 floors!
  6186 | D:8      | Reached skill level 5 in Dodging
  6197 | D:8      | Reached ** piety under Okawaru
  7343 | D:8      | Got a spiked leather armour
  7354 | D:8      | Identified the +1 leather armour of the Elephant {rF+ rC+}
                  | (You found it on level 8 of the Dungeon)
  7721 | D:7      | Found a burning altar of Makhleb.
  7721 | D:7      | Found a stormy altar of Qazlal.
  7724 | D:7      | Found a hide-covered altar of Uskayaw.
  7937 | D:7      | Reached XP level 10. HP: 82/86 MP: 9/9
  8042 | D:7      | Noticed Pikel
  8065 | D:7      | Killed Pikel
  8065 | D:7      | Reached *** piety under Okawaru
  8065 | D:7      | Reached skill level 10 in Long Blades
  8470 | D:3      | Killed Menkaure
  8805 | D:4      | Killed Krouwed's ghost
  9250 | D:9      | Reached **** piety under Okawaru
  9250 | D:9      | Reached skill level 10 in Shields
  9254 | D:9      | Reached skill level 1 in Evocations
  9348 | D:9      | Found a sacrificial altar of Ru.
  9397 | D:9      | Noticed Maurice
  9408 | D:9      | Noticed Harold
  9466 | D:9      | Killed Maurice
  9650 | D:9      | Found a hazy altar of Hepliaklqana.
  9748 | D:9      | Killed Harold
  9753 | D:9      | Found a staircase to the Lair.
 10102 | D:9      | Found an ornate altar of the Wu Jian Council.
 10776 | D:10     | Entered Level 10 of the Dungeon
 10862 | D:10     | Noticed a two-headed ogre
 10872 | D:10     | Killed a two-headed ogre
 10872 | D:10     | Reached ***** piety under Okawaru
 10872 | D:10     | Reached XP level 11. HP: 75/95 MP: 12/12
 10921 | D:10     | Received a gift from Okawaru
 11005 | D:10     | Noticed a two-headed ogre
 11014 | D:10     | Killed a two-headed ogre
 11443 | D:11     | Noticed a two-headed ogre
 11574 | D:10     | Killed a two-headed ogre
 11715 | D:11     | Killed an unseen horror
 12082 | D:11     | Killed an unseen horror
 12157 | D:11     | Noticed a two-headed ogre
 12171 | D:11     | Noticed a two-headed ogre
 12172 | D:11     | Noticed a two-headed ogre
 12179 | D:11     | Killed a two-headed ogre
 12216 | D:11     | Killed a two-headed ogre
 12216 | D:11     | Reached skill level 1 in Invocations
 12378 | D:11     | Killed a two-headed ogre
 12749 | D:11     | Received a gift from Okawaru
 12896 | D:11     | Identified a scroll of acquirement
 12949 | D:11     | Reached XP level 12. HP: 86/105 MP: 13/13
 13089 | D:11     | Found a staircase to the Orcish Mines.
 13092 | D:11     | Found a roughly hewn altar of Beogh.
 13856 | D:12     | Reached ****** piety under Okawaru
 14554 | D:12     | Reached skill level 10 in Fighting
 14665 | D:12     | Noticed a death knight
 14688 | D:12     | Killed a death knight
 14688 | D:12     | Received a gift from Okawaru
 14694 | D:12     | Slain by a freezing wraith

Levels and vault maps discovered:
D:1:      kb_arrival_jail, layout_basic, minmay_tetromino_l2
D:2:      layout_loops_ring, overflow_temple_1_default
D:3:      layout_loops_ring, gammafunk_temple_of_torment,
          nicolae_overflow_crystal_walls, ashenzari_altar_1
D:4:      gammafunk_wand_slinger, layout_loops_ring, fedhas_altar_1,
          minmay_temple_entry_trees, first_ration,
          ebering_ghost_reflecting_pool, nicolae_ossuary_entry_ruins,
          kennysheep_crisscross, minmay_mini_jars, uniq_sigmund,
          uniq_blork_the_orc
D:5:      layout_layer_cave, lemuel_coloured_pillars_altar, minivault_1,
          kennysheep_minor_cross, uniq_crazy_yiuf_cottage, uniq_ijyb
D:6:      layout_basic, kennysheep_mini_moat, nemelex_altar_shiori,
          uniq_duvessa, uniq_menkaure, uniq_edmund
D:7:      layout_basic, nicolae_overflow_hidden_temple, gammafunk_ghost_smash,
          the_bakery, uniq_pikel
D:8:      layout_gridville
D:9:      layout_stronghold, kennysheep_mini, kennysheep_little_box,
          lemuel_doored_altar, dpeg_oklobed_lair, uniq_harold, uniq_maurice
D:10:     layout_loops_ring, kennysheep_generic_room_15
D:11:     layout_loops_cross, minmay_orc_entry_temple_small, grunt_ministairs_12
D:12:     layout_cave_pods, jmf_multi_god_temple2
Temple:   corrupted_temple

Skill      XL: |  1  2  3  4  5  6  7  8  9 10 11 12 |
---------------+-------------------------------------+-----
Armour         | 4 5 6 7 8 |  8.7
Fighting       | 4 5 6 7 8 9 10 | 10.0
Long Blades    | 3 4 5 7 8 9 11 12 13 | 13.2
Shields        | 4 5 6 7 9 11 12 13 | 13.2
Dodging        | 1 2 4 5 6 7 8 |  8.1
Stealth        | 1 2 3 |  3.1
Evocations     | 2 |  2.8
Invocations    | 1 |  1.1

Action                   |  1- 3 |  4- 6 |  7- 9 | 10-12 || total
-------------------------+-------+-------+-------+-------++-------
Melee: Long sword        |    82 |   176 |   451 |   260 ||   969
       Headbutt          |    12 |    35 |   104 |   158 ||   309
       Scimitar          |       |       |       |   388 ||   388
Invok: Heroism           |       |       |     1 |    10 ||    11
Evoke: Wand              |       |       |       |    20 ||    20
  Use: Scroll            |       |       |     4 |     8 ||    12
       Potion            |       |       |     1 |     3 ||     4
 Stab: Sleeping          |       |       |     3 |     1 ||     4
       Distracted        |       |       |       |     1 ||     1
  Eat: Chunk             |       |     4 |    16 |    16 ||    36
       Ration            |       |       |     1 |     2 ||     3
Armor: Scale mail        |    41 |    97 |    45 |       ||   183
       Ring mail         |       |       |   116 |   152 ||   268
Dodge: Dodged            |    25 |    66 |   129 |   213 ||   433
Block: Shield            |    37 |   123 |    70 |       ||   230
       Large shield      |       |       |   283 |   583 ||   866
       Rpst.: Long sword |     6 |    17 |    33 |    13 ||    69
       Scimitar          |       |       |       |    29 ||    29

Table legend:
 A = Non-vault XP
 B = Vault XP
 C = Vault XP percentage of total XP
 D = Non-vault monster count
 E = Vault monster count
 F = Vault count percentage of total count
                 A         B        C        D         E       F
            +---------+---------+-------+---------+---------+-------
      Total |   23569 |    4879 |  17.2 |     286 |      75 |  20.8
            +---------+---------+-------+---------+---------+-------
        D:1 |      59 |       1 |   1.7 |      32 |       1 |   3.0
        D:2 |      71 |       0 |   0.0 |      15 |       0 |   0.0
        D:3 |     126 |     315 |  71.4 |      25 |       6 |  19.4
        D:4 |     335 |     908 |  73.0 |      24 |      14 |  36.8
        D:5 |     352 |      77 |  17.9 |      13 |       2 |  13.3
        D:6 |    1109 |     397 |  26.4 |      19 |       3 |  13.6
        D:7 |     455 |     828 |  64.5 |      16 |       2 |  11.1
        D:8 |    1376 |       0 |   0.0 |      25 |       0 |   0.0
        D:9 |    1862 |    1451 |  43.8 |      23 |       2 |   8.0
       D:10 |    4592 |      88 |   1.9 |      24 |       1 |   4.0
       D:11 |   10355 |     202 |   1.9 |      57 |      11 |  16.2
       D:12 |    2877 |       0 |   0.0 |      13 |       0 |   0.0
    Ossuary |       0 |     612 | 100.0 |       0 |      33 | 100.0
            +---------+---------+-------+---------+---------+-------
